 Dungeon Crawl Stone Soup version 0.32-a0-837-g8d3e27d251 (webtiles) character file.

Game seed: 3518462307502603463

833 EiAlmux the Conjurer (level 7, -1/40 HPs)
             Began as a Deep Elf Conjurer on Mar 26, 2024.
             Was an Initiate of Vehumet.
             Shot with an arrow by a centaur (7 damage)
             ... on level 6 of the Dungeon.
             The game lasted 00:15:56 (5259 turns).

EiAlmux the Conjurer (Deep Elf Conjurer)            Turns: 5259, Time: 00:15:56

Health: -1/40      AC:  4    Str:  4    XL:     7   Next: 65%
Magic:  13/17      EV: 12    Int: 25    God:    Vehumet [......]
Gold:   190        SH:  0    Dex: 13    Spells: 7/17 levels left

rFire   . . .        y - +3 short sword
rCold   . . .        (no shield)
rNeg    . . .        a - +0 robe
rPois   .            c - +0 helmet
rElec   .            (no cloak)
rCorr   .            z - +0 pair of gloves
SInv    .            (no boots)
Will    .....        t - amulet of magic regeneration
Stlth   ++           q - ring of wizardry
HPRegen 0.26/turn    (no ring)
MPRegen 0.55/turn

%: wizardry (x1)
@: no status effects
A: no striking features
a: Renounce Religion


You were on level 6 of the Dungeon.
You worshipped Vehumet.
Vehumet was noncommittal.
You visited 2 branches of the dungeon, and saw 7 of its levels.

You collected 272 gold pieces.
You spent 82 gold pieces at shops.

Inventory:

Hand Weapons
 y - a +3 short sword (weapon)
 A - the +7 war axe of Guqan {speed, rCorr Int+8 Dex-2 Stlth-}
   (You found it on level 5 of the Dungeon)

   Int+8:     It affects your intelligence (+8).
   Dex-2:     It affects your dexterity (-2).
   rCorr:     It protects you from acid and corrosion.
   Stlth-:    It makes you less stealthy.
Armour
 a - a +0 robe (worn)
 c - a +0 helmet (worn)
 x - the +5 ring mail of Muttered Phrases {MP+9 Str-3 Int+2 SInv}
   (You found it on level 5 of the Dungeon)

   Str-3:     It affects your strength (-3).
   Int+2:     It affects your intelligence (+2).
   MP+9:      It affects your magic capacity (+9).
   SInv:      It lets you see invisible.
 z - a +0 pair of gloves (worn)
Magical Staves
 e - a staff of fire
Jewellery
 q - a ring of wizardry (left hand)
 t - an amulet of magic regeneration (around neck)
Wands
 n - a wand of flame (20)
Scrolls
 d - 6 scrolls of teleportation
 f - a scroll of butterflies {unknown}
 g - a scroll of amnesia {unknown}
 i - a scroll of vulnerability {unknown}
 j - 2 scrolls of fog
 l - 4 scrolls of revelation
 p - a scroll of fear {unknown}
 s - 4 scrolls of enchant armour {unknown}
 u - a scroll of enchant weapon
 w - a scroll of identify
 B - a scroll of immolation {unknown}
 C - a scroll of poison {unknown}
Potions
 b - a potion of magic
 h - a potion of cancellation {unknown}
 k - a potion of haste
 m - a potion of brilliance {unknown}
 o - a potion of might {unknown}
 r - a potion of ambrosia {unknown}
 v - a potion of lignification {unknown}


   Skills:
 - Level 2.0 Fighting
 + Level 1.5 Armour
 - Level 4.0 Dodging
 - Level 4.0 Stealth
 + Level 5.5 Spellcasting
 + Level 6.0 Conjurations
 - Level 3.0 Hexes
 - Level 4.0 Translocations


You had 7 spell levels left.
You knew the following spells:

 Your Spells              Type           Power      Damage    Failure   Level
a - Magic Dart            Conj           100%       1d8       1%          1
b - Searing Ray           Conj           74%        2d7       1%          2
c - Sigil of Binding      Hex            21%        N/A       2%          3
d - Iskenderun's Mystic   Conj/Tloc      32%        2d8       4%          4

Your spell library contained the following spells:

 Spells                   Type           Power      Damage    Failure   Level
 Dimensional Bullseye     Hex/Tloc       12%        N/A       8%          4
 Fulminant Prism          Conj/Alch      11%        3d9       9%          4
 Call Canine Familiar     Summ           6%         N/A       10%         3
 Summon Blazeheart Golem  Fire/Summ      6%         N/A       30%         4
 Orb of Destruction       Conj           18%        9d8       89%         7
 Spellforged Servitor     Conj/Summ      11%        N/A       99%         7


Dungeon Overview and Level Annotations

Branches:
Dungeon (6/15)             Temple (1/1) D:5

Altars:
Ashenzari
Cheibriados
Elyvilon
Fedhas
Hepliaklqana
Makhleb
Nemelex Xobeh
Qazlal
Ru
Trog
Uskayaw
Vehumet
Wu Jian
Xom
Yredelemnul
Zin
The Shining One

Shops:
D:3 ?

Annotations:
D:4 exclusions: black bear and scorpion


Message History

You kill the iguana!
Vehumet accepts your kill.
There is a shaft here.
You now have 190 gold pieces (gained 8).
There is a shaft here.
C - a scroll labelled GITUTIBAAR A centaur comes into view.
The centaur shouts!
The centaur wields a +0 shortbow.
The centaur shoots an arrow.
The arrow hits you!
Casting: Searing Ray (safe; 1% risk of failure)
Confirm with . or Enter, or press ? or * to list all spells.
You inscribe a pair of binding sigils.
The centaur shoots an arrow.
The arrow closely misses you.
The centaur shoots an arrow.
The arrow hits you.
The centaur shoots an arrow.
The arrow hits you!
Casting: Sigil of Binding (dangerous; 2% risk of failure)
Confirm with . or Enter, or press ? or * to list all spells.
You inscribe a pair of binding sigils.
Casting: Sigil of Binding (dangerous; 2% risk of failure)
Confirm with . or Enter, or press ? or * to list all spells.
Aiming: Searing Ray (safe; 1% risk of failure)
Press: ? - help, Shift-Dir - straight line, f - centaur
Aim: a centaur, wielding a +0 shortbow (88% to hit)
The searing ray hits the centaur.
The centaur is lightly wounded. (Press . to maintain the ray.)
The centaur shoots an arrow.
The arrow hits you.
The searing ray hits the centaur.
The centaur is moderately wounded.
The centaur shoots an arrow.
The arrow barely misses you.
The searing ray hits the centaur!
The centaur is severely wounded.
The centaur shoots an arrow.
The arrow hits you!
* * * LOW HITPOINT WARNING * * *
The centaur shoots an arrow.
The arrow closely misses you.
Okay, then.
As you read the scroll of fog, it dissolves into smoke.
The centaur shoots an arrow.
The arrow hits you!
You die...

..............#
#.............>.#
#........<......#
..............##
#.............#
#.............# .....
#§.§§.........# .....
#§§§.........# ......
#@§§........## ......
##§§......#.#
......#####c§........###
......c...........###..##
.................##
##..## #.......c^####..##
###.## ........### ####
##.. ......### ###..
..=.## ##....


You could see a centaur.

Vanquished Creatures
  An ice beast (D:5)
  3 scorpions
  2 hounds (D:6)
  A jelly (D:5)
  A gnoll bouda (D:6)
  An orc priest (D:3)
  4 iguanas
  3 orc wizards (D:3)
  6 gnolls
  10 adders
  A shadow imp (D:5)
  A white imp (D:6)
  2 dart slugs
  7 orcs (D:3)
  3 bats
  8 endoplasms
  4 giant cockroaches
  10 goblins
  6 hobgoblins
  3 quokkas
  6 ball pythons
  2 frilled lizards
  9 kobolds
  6 rats
100 creatures vanquished.

Notes
Turn   | Place    | Note
-------+----------+-------------------------------------------
     0 | D:1      | EiAlmux the Deep Elf Conjurer began the quest for the Orb.
     0 | D:1      | Reached XP level 1. HP: 10/10 MP: 6/6
   127 | D:1      | Reached XP level 2. HP: 16/16 MP: 5/8
   289 | D:1      | Reached skill level 1 in Fighting
   446 | D:1      | Reached XP level 3. HP: 20/20 MP: 6/9
   858 | D:1      | Learned a level 2 spell: Searing Ray
  1063 | D:2      | Reached XP level 4. HP: 25/25 MP: 8/11
  2245 | D:3      | Found a broken altar of Ashenzari.
  2245 | D:3      | Found a hide-covered altar of Uskayaw.
  2558 | D:4      | Reached skill level 1 in Hexes
  2680 | D:4      | Noticed a black bear
  2704 | D:4      | Found the +7 Throatcutter {drain, coup de grace}
  2711 | D:4      | Noticed a scorpion
  2736 | D:4      | Killed a scorpion
  2737 | D:4      | Reached skill level 5 in Conjurations
  2737 | D:4      | Reached XP level 5. HP: 21/30 MP: 8/12
  3076 | D:4      | Found a stormy altar of Qazlal.
  3394 | D:5      | Entered Level 5 of the Dungeon
  3400 | D:5      | Reached skill level 1 in Translocations
  3400 | D:5      | Reached XP level 6. HP: 33/35 MP: 5/14
  3402 | D:5      | Noticed an ice beast
  3482 | D:3      | Found Velea's Magic Scroll Emporium.
  3514 | D:3      | Learned a level 3 spell: Sigil of Binding
  3860 | D:3      | Bought a scroll of enchant weapon for 82 gold pieces
  4417 | D:5      | Identified the +5 ring mail of Muttered Phrases {MP+9 Str-3
                  | Int+2 SInv}
  4456 | D:5      | Learned a level 4 spell: Iskenderun's Mystic Blast
  4506 | D:5      | Found a snail-covered altar of Cheibriados.
  4613 | D:5      | Reached XP level 7. HP: 19/40 MP: 7/16
  4673 | D:5      | Reached skill level 5 in Spellcasting
  4696 | D:5      | Found a staircase to the Ecumenical Temple.
  4706 | D:5      | Identified the +7 war axe of Guqan {speed, rCorr Int+8
                  | Dex-2 Stlth-}
  4726 | Temple   | Entered the Ecumenical Temple
  4745 | Temple   | Became a worshipper of Vehumet
  4999 | D:6      | Reached skill level 1 in Armour
  5074 | D:6      | Reached skill level 6 in Conjurations
  5259 | D:6      | Shot with an arrow by a centaur

Illustrated notes

Levels and vault maps discovered:
D:1:      scummos_arrival_simple_crosswalls, layout_basic
D:2:      layout_basic
D:3:      layout_basic, amethyst_overflow_temple_binary, serial_shops,
          nicolae_shop_stone
D:4:      layout_cave_pools, nicolae_qazlal_eye_of_the_storm
D:5:      layout_rooms, lemuel_crystal_altar, minmay_temple_entry_offerings
D:6:      layout_cave_pods, serial_shops, shop
Temple:   hellmonk_temple_forest_ring

Skill      XL: |  1  2  3  4  5  6  7 |
---------------+----------------------+-----
Fighting       | 1 2 |  2.0
Dodging        | 3 4 |  4.0
Stealth        | 3 4 |  4.0
Hexes          | 1 2 3 |  3.0
Conjurations   | 5 6 |  6.0
Spellcasting   | 4 5 |  5.5
Translocations | 1 3 4 |  4.0
Armour         | 1 |  1.5

Action                     |  1- 3 |  4- 6 |  7- 9 || total
---------------------------+-------+-------+-------++-------
   Cast: Magic Dart        |    62 |    75 |    30 ||   167
         Searing Ray       |       |    18 |    10 ||    28
         Sigil of Binding  |       |     4 |     5 ||     9
         Iskenderun's Myst |       |     1 |       ||     1
    Use: Scroll            |       |     4 |     1 ||     5
 Armour: Robe              |     1 |    18 |    13 ||    32
  Dodge: Dodged            |     2 |    14 |     8 ||    24

Table legend: (Time is in decaauts)
 A = Elapsed time spent in this place.
 B = Non-inter-level travel time spent in this place.
 C = Inter-level travel time spent in this place.
 D = Time resting spent in this place.
 E = Time spent auto-exploring this place.
 F = Levels seen in this place.
 G = Mean time per level.
                   A        B        C        D        E       F      G
               +--------+--------+--------+--------+--------+-----+--------+
         Total |   5258 |   4832 |    426 |    372 |   3559 |   7 |  751.1 |
       Dungeon |   5219 |   4827 |    392 |    372 |   3559 |   6 |  869.8 |
        Temple |     39 |      5 |     34 |      0 |      0 |   1 |   39.0 |
               +--------+--------+--------+--------+--------+-----+--------+

Top non-repeatable levels by time:
     D:3: 1231 daAuts
     D:2: 1123 daAuts
     D:4: 1000 daAuts
     D:1: 951 daAuts
     D:5: 530 daAuts
     D:6: 381 daAuts
  Temple: 39 daAuts
